Workbook

Sheet 基本情况
A1: 供 应 商 报 名 表 （请在绿色区域填列，不得修改与合并任何单元格）
A3: 一、基本信息 | B3: 公司全称 | F3: 成立日期 | H3: 公司核心业务或产品 | I3: 50字以内
B4: 企业类型 （工商登记） | F4: 上市地点
B5: 注册地址 | F5: 股票代码
B6: 注册资金 (折人民币) | F6: 增值税一般纳税人/小规模纳税人 | H6: 公司核心业务的行业地位/市场份额 | I6: 50字以内
B7: 分支机构数量 | F7: 在本企业缴纳社保的员工人数
A8: 二、联系方式 | B8: 销 售 代 表 | D8: 职务 | F8: 手机 | H8: 邮箱
A9: 三、获奖情况 | B9: 获奖名称 | C9: 颁发机构 | D9: 获奖时间 | E9: 获奖名称 | F9: 颁发机构 | G9: 获奖时间 | H9: - | I9: -
H10: - | I10: -
H11: - | I11: -
H12: - | I12: -
A13: 四、股权信息 | B13: 股东名称 （前10大股东） | D13: 出资金额 （万元） | E13: 持股比例 | F13: 股东名称 （前10大股东） | G13: 出资金额 （万元） | H13: 持股比例 | I13: -
I14: -
I15: -
I16: -
I17: -
I18: -
A19: 五、财务信息 | B19: 指标（合并口径）/年度 | E19: 本年最近一个月 | F19: 最近三年（由近到远排序） | I19: -
F20: 20**年 | G20: 20**年 | H20: 20**年
B21: 总资产（万元） | I21: -
B22: 净资产（万元） | I22: -
B23: 销售额（万元） | I23: -
B24: 净利润（万元） | I24: -
B25: 总资产利润率（保留小数点后两位） | E25: =E24/((E21+F21)/2) -> #DIV/0! | F25: =F24/((F21+G21)/2) -> #DIV/0! | G25: =G24/((G21+H21)/2) -> #DIV/0! | H25: =H24/H21 -> #DIV/0! | I25: -
B26: 资产负债率 | I26: -
B27: 经营活动现金流量净额（万元） | I27: -
B28: 期末现金及现金等价物余额（万元） | I28: -
B29: 期末货币资金占流动资产比例 | E29: =E28/E21 -> #DIV/0! | F29: =F28/F21 -> #DIV/0! | G29: =G28/G21 -> #DIV/0! | H29: =H28/H21 -> #DIV/0! | I29: -

Sheet 项目案例
A1: 近三年同类项目主要合作案例（请附相关合同的首页及签章页）
A2: 客户名称 | C2: 签约产品/服务 | D2: 签约时间 | E2: 项目签约金额 | F2: 备注
A3: 中信银行（总分支级别）
A9: 其他银行或金融机构（总分支级别）
A16: 非金融类客户

Sheet 1.基本信息
A1: 供应商基本信息（自动生成，不需填报）
A2: 公司全称 | B2: 公司简称 | C2: 公司核心业务或产品 | D2: 公司行业地位 | E2: 成立时间 | F2: 注册资金 | G2: 工商注册号 | H2: 主营范围 | I2: 公司主页 | J2: 本企业是否为集团内企业 | K2: 企业性质 （工商登记） | L2: 所属行业 | M2: 上市地点 | N2: 股票代码 | O2: 不同城市分支机构数量 | P2: 在本企业领取薪酬的员工总数 | Q2: 是否入围供应商 | R2: 第一销售代表 | V2: 第二销售代表 | Z2: 销售部门负责人 | AD2: 投诉负责人 | AH2: 注册地址 | AI2: 通讯地址 | AJ2: 中信银行开户行 | AK2: 银行账号 | AL2: 币种 | AM2: 账户类型 | AN2: 申请准入日期 | AO2: 法定代表人 | AP2: 组织机构代码证号 | AQ2: 税务登记号 | AR2: 税务登记证 登记地址 | AS2: 增值税 一般纳税人/小规模纳税人 | AT2: 营业税 纳税人 （是/否） | AU2: 财务部门负责人 | AY2: 客服电话
R3: 姓名 | S3: 职务 | T3: 移动电话 | U3: 电子邮箱 | V3: 姓名 | W3: 职务 | X3: 移动电话 | Y3: 电子邮箱 | Z3: 姓名 | AA3: 职务 | AB3: 移动电话 | AC3: 电子邮箱 | AD3: 姓名 | AE3: 职务 | AF3: 移动电话 | AG3: 电子邮箱 | AQ3: 税务登记号 | AR3: 税务登记证 登记地址 | AS3: 增值税 一般纳税人 （是/否） | AT3: 增值税 一般纳税人 （是/否） | AU3: 姓名 | AV3: 职务 | AW3: 移动电话 | AX3: 电子邮箱
A4: =基本情况!C3 -> 0 | B4: =基本情况!G3 -> 0 | C4: =基本情况!I3 -> 50字以内 | D4: =基本情况!#REF! -> #REF! | E4: =基本情况!#REF! -> #REF! | F4: =基本情况!#REF! -> #REF! | G4: =基本情况!G5 -> 0 | H4: =基本情况!C7 -> 0 | I4: =基本情况!E7 -> 0 | J4: =基本情况!#REF! -> #REF! | K4: =基本情况!#REF! -> #REF! | L4: =基本情况!I6 -> 50字以内 | M4: =基本情况!G4 -> 0 | N4: =基本情况!#REF! -> #REF! | O4: =基本情况!#REF! -> #REF! | P4: =基本情况!#REF! -> #REF! | R4: =基本情况!C8 -> 0 | S4: =基本情况!E8 -> 0 | T4: =基本情况!G8 -> 0 | U4: =基本情况!I8 -> 0 | V4: =基本情况!#REF! -> #REF! | W4: =基本情况!#REF! -> #REF! | X4: =基本情况!#REF! -> #REF! | Y4: =基本情况!#REF! -> #REF! | Z4: =基本情况!#REF! -> #REF! | AA4: =基本情况!#REF! -> #REF! | AB4: =基本情况!#REF! -> #REF! | AC4: =基本情况!#REF! -> #REF! | ... AG4: =基本情况!#REF! -> #REF! | AH4: =基本情况!C4 -> 0 | AI4: =基本情况!C5 -> 0 | AJ4: =基本情况!#REF! -> #REF! | AK4: =基本情况!#REF! -> #REF! | AL4: =基本情况!#REF! -> #REF! | AM4: =基本情况!#REF! -> #REF! | AN4: =基本情况!#REF! -> #REF! | AO4: =基本情况!#REF! -> #REF! | AP4: =基本情况!#REF! -> #REF! | AQ4: =基本情况!#REF! -> #REF! | AR4: =基本情况!C6 -> 0 | AS4: =基本情况!G7 -> 0 | AT4: =基本情况!#REF! -> #REF! | AU4: =基本情况!#REF! -> #REF! | AV4: =基本情况!#REF! -> #REF! | AW4: =基本情况!#REF! -> #REF! | AX4: =基本情况!#REF! -> #REF! | AY4: =基本情况!#REF! -> #REF!

Sheet 2.财务信息
B2: 财务信息（自动生成，不需填报）
A3: 公司名称 | B3: 指标（合并口径）/年度 | C3: 2014年 | D3: 2013年 | E3: 2012年
A4: =基本情况!C3 -> 0 | B4: 总资产（万元） | C4: =基本情况!E21 -> 0 | D4: =基本情况!F21 -> 0 | E4: =基本情况!G21 -> 0
A5: =基本情况!C3 -> 0 | B5: 净资产（万元） | C5: =基本情况!E22 -> 0 | D5: =基本情况!F22 -> 0 | E5: =基本情况!G22 -> 0
A6: =基本情况!C3 -> 0 | B6: 销售额（万元） | C6: =基本情况!E23 -> 0 | D6: =基本情况!F23 -> 0 | E6: =基本情况!G23 -> 0
A7: =基本情况!C3 -> 0 | B7: 净利润（万元） | C7: =基本情况!E24 -> 0 | D7: =基本情况!F24 -> 0 | E7: =基本情况!G24 -> 0
A8: =基本情况!C3 -> 0 | B8: 总资产利润率 | C8: =基本情况!E25 -> #DIV/0! | D8: =基本情况!F25 -> #DIV/0! | E8: =基本情况!G25 -> #DIV/0!
A9: =基本情况!C3 -> 0 | B9: 资产负债率 | C9: =基本情况!E26 -> 0 | D9: =基本情况!F26 -> 0 | E9: =基本情况!G26 -> 0
A10: =基本情况!C3 -> 0 | B10: 经营活动现金流量净额（万元） | C10: =基本情况!E27 -> 0 | D10: =基本情况!F27 -> 0 | E10: =基本情况!G27 -> 0
A11: =基本情况!C3 -> 0 | B11: 期末现金及现金等价物余额（万元） | C11: =基本情况!E28 -> 0 | D11: =基本情况!F28 -> 0 | E11: =基本情况!G28 -> 0

Sheet 3.股权信息
B1: 股权信息（自动生成，不需填报）
A2: 公司名称 | B2: 前十大股东名称 | C2: 出资金额 （万元） | D2: 持股比例
A3: =基本情况!C3 -> 0 | B3: =基本情况!#REF! -> #REF! | C3: =基本情况!D14 -> 0 | D3: =基本情况!E14 -> 0
A4: =基本情况!C3 -> 0 | B4: =基本情况!B15 -> 0 | C4: =基本情况!D15 -> 0 | D4: =基本情况!E15 -> 0
A5: =基本情况!C3 -> 0 | B5: =基本情况!B16 -> 0 | C5: =基本情况!D16 -> 0 | D5: =基本情况!E16 -> 0
A6: =基本情况!C3 -> 0 | B6: =基本情况!B17 -> 0 | C6: =基本情况!D17 -> 0 | D6: =基本情况!E17 -> 0
A7: =基本情况!C3 -> 0 | B7: =基本情况!B18 -> 0 | C7: =基本情况!D18 -> 0 | D7: =基本情况!E18 -> 0
A8: =基本情况!C3 -> 0 | B8: =基本情况!F14 -> 0 | C8: =基本情况!G14 -> 0 | D8: =基本情况!H14 -> 0
A9: =基本情况!C3 -> 0 | B9: =基本情况!F15 -> 0 | C9: =基本情况!G15 -> 0 | D9: =基本情况!H15 -> 0
A10: =基本情况!C3 -> 0 | B10: =基本情况!F16 -> 0 | C10: =基本情况!G16 -> 0 | D10: =基本情况!H16 -> 0
A11: =基本情况!C3 -> 0 | B11: =基本情况!F17 -> 0 | C11: =基本情况!G17 -> 0 | D11: =基本情况!H17 -> 0
A12: =基本情况!C3 -> 0 | B12: =基本情况!F18 -> 0 | C12: =基本情况!G18 -> 0 | D12: =基本情况!H18 -> 0
